 Dungeon Crawl Stone Soup version 0.18.1-5-g4a78601 (webtiles) character file.

1015 Goblin1989 the Martial Artist (level 8, -26/39 HPs)
             Began as a Vine Stalker Monk on May 12, 2016.
             Was an Initiate of Ru.
             Annihilated by a hill giant
             ... wielding a +0 giant club
              (28 damage)
             ... on level 6 of the Dungeon.
             The game lasted 00:10:03 (4240 turns).

Goblin1989 the Martial Artist (Vine Stalker Monk)   Turns: 4240, Time: 00:10:04

Health: -26/39     AC:  9    Str: 16    XL:     8   Next: 21%
Magic:  0/9        EV: 10    Int: 10    God:    Ru [......]
Gold:   336        SH:  0    Dex: 17    Spells: 0 memorised, 7 levels left

rFire  . . .     SeeInvis +       - Unarmed
rCold  . . .     Gourm    .     D - +0 scale mail (curse)
rNeg   . . .     Faith    .     (no shield)
rPois  .         Spirit   +     C - +1 helmet
rElec  .         Dismiss  .     (no cloak)
rCorr  .         Reflect  .     j - +0 pair of gloves
SustAt .         Harm     .     (no boots)
MR     +....                    (no amulet)
Stlth  +.........               (no ring)
                                s - ring of see invisible {sInv, !d}

@: very slightly contaminated, hasted, invisible, very quick, somewhat resistant
to hostile enchantments, very unstealthy
A: fangs 3, regeneration 2, magic shield, antimagic bite, no device heal 3, rot
immunity
a: Renounce Religion


You were on level 6 of the Dungeon.
You worshipped Ru.
Ru was noncommittal.
You were hungry.

You visited 1 branch of the dungeon, and saw 6 of its levels.

You collected 336 gold pieces.

Inventory:

Armour
 j - a +0 pair of gloves (worn)
 C - a +1 helmet (worn)
 D - a cursed +0 scale mail (worn)
 F - a +2 ring mail of cold resistance
Jewellery
 s - a ring of see invisible (left hand) {sInv, !d}
 z - a cursed ring of loudness {unknown}
Wands
 x - a wand of iceblast (7/15)
 B - a wand of flame (20/48)
 H - a wand of acid (5/15)
 K - a wand of paralysis (15/24)
Scrolls
 a - 2 scrolls of immolation {unknown}
 c - 3 scrolls of remove curse {unknown}
 d - 4 scrolls of teleportation {unknown}
 e - 5 scrolls of identify {unknown}
 h - 2 scrolls of recharging {unknown}
 i - 3 scrolls of amnesia {unknown}
 m - 2 scrolls of fog {unknown}
 n - 2 scrolls of noise {unknown}
 p - a scroll of magic mapping {unknown}
 v - a scroll of blinking {unknown}
 y - 2 scrolls of enchant weapon {unknown}
 A - 3 scrolls of enchant armour {unknown}
Potions
 f - a potion of curing
 g - 3 potions of mutation {unknown}
 l - 2 potions of might {unknown}
 r - a potion of berserk rage {unknown}
 t - a potion of agility {unknown}
 w - a potion of heal wounds {unknown}
 G - a potion of haste
 I - a potion of lignification {unknown}
 L - a potion of brilliance {unknown}
Books
 E - a book of Flames

   Spells                             Type                      Level
   a - Flame Tongue                   Conjuration/Fire             1
   b - Throw Flame                    Conjuration/Fire             2
   c - Conjure Flame                  Conjuration/Fire             3
   d - Inner Flame                    Hexes/Fire                   3
   e - Sticky Flame                   Conjuration/Fire             4
   f - Fireball                       Conjuration/Fire             5
Comestibles
 b - 5 bread rations
 k - 2 meat rations
 u - a beef jerky
 J - a slice of pizza


   Skills:
 + Level 2.8 Fighting
 + Level 0.2 Armour
 - Level 2.4 Dodging
 - Level 2.4 Stealth
 * Level 10.0 Unarmed Combat


You had 7 spell levels left.
You didn't know any spells.

Dungeon Overview and Level Annotations

Branches:
Dungeon (6/15)
 Temple: D:4-7

Altars:
Gozag
Nemelex Xobeh
Pakellas
Qazlal
Ru
Sif Muna
Vehumet
Yredelemnul
The Shining One


Innate Abilities, Weirdness & Mutations

You have razor-sharp teeth.
You heal very quickly.
When hurt, damage is shared between your health and your magic reserves.
Your bite disrupts and absorbs the magic of your enemies.
Potions and wands cannot restore your health.
You are immune to rotting.


Message History

You are very lightly contaminated with residual magic.
You take 16 damage, and have 18/39 hp.
MASSIVE DAMAGE!!
You now have 4/9 mp.
A crimson imp comes into view.
Drink which item? (? for menu, Esc to quit)
It was a potion of invisibility.
You fade into invisibility!
You hit the hill giant.
You strike the helpless hill giant from behind!
You punch the hill giant!
The hill giant hits you with a giant club!!
Ouch! That really hurt!
You take 22 damage, and have 1/39 hp.
MASSIVE DAMAGE!!
You now have 1/9 mp.
You hit the hill giant. You bite the hill giant. You drain its power.
You feel invigorated.
You regained 2 mp, and now have 3/9 mp.
You hit the hill giant.
The centaur shoots an arrow.
The arrow misses the adder.
The arrow hits the hill giant!
The hill giant hits you with a giant club!!
Ouch! That really hurt!
You die...

#.# #..######C.###
##.######...## #..#
#..........#.####(.#
##..######S5....S..?#
#>..C.CSc5.#....c.....#
#...##############S##.#
#...# ###(# .#
#..S######### #...# .#
#..cSC@....[# #.###..
#.#########.# #.>##.#
#.# #####.# ##)..#.#
#.#####.....###......##
#............[........#
#.#####.#######........
#.# #.# #........ #.#
##.## #........ #.#
##.#.## ###.#...#


You could see a hill giant, a centaur and 2 adders.

Vanquished Creatures
  Edmund (D:5)
  Duvessa (D:5)
  A phantom (D:4)
  A giant frog (D:5)
  Dowan (D:5)
  A scorpion (D:5)
  3 crimson imps (D:5)
  A jelly (D:6)
  2 hounds
  A centaur skeleton (D:6)
  A giant frog skeleton (D:6)
  2 orc wizards (D:5)
  8 gnolls
  7 adders
  An ooze (D:3)
  3 dart slugs
  3 giant geckos
  12 orcs
  8 bats
  4 giant cockroaches
  10 hobgoblins
  5 quokkas
  3 giant newts
  7 goblins
  9 kobolds
  9 rats
105 creatures vanquished.

Notes
Turn   | Place    | Note
--------------------------------------------------------------
     0 | D:1      | Goblin1989 the Vine Stalker Monk began the quest for the Orb.
     0 | D:1      | Reached XP level 1. HP: 11/11 MP: 2/2
   131 | D:1      | Reached XP level 2. HP: 15/16 MP: 3/3
   738 | D:1      | Reached XP level 3. HP: 19/19 MP: 2/4
   831 | D:2      | Reached skill level 5 in Unarmed Combat
  1024 | D:2      | Reached XP level 4. HP: 23/23 MP: 5/5
  1732 | D:3      | Reached skill level 6 in Unarmed Combat
  1784 | D:3      | Found a stormy altar of Qazlal.
  1788 | D:3      | Found an opulent altar of Gozag.
  1793 | D:3      | Found a glowing golden altar of the Shining One.
  2013 | D:3      | Found a sparkling altar of Nemelex Xobeh.
  2311 | D:3      | Reached XP level 5. HP: 27/27 MP: 6/6
  2619 | D:4      | Found a sacrificial altar of Ru.
  2626 | D:4      | Became a worshipper of Ru the Awakened
  2901 | D:4      | Reached skill level 7 in Unarmed Combat
  2901 | D:4      | Gained mutation: You heal very quickly. [Vine Stalker growth]
  2901 | D:4      | Reached XP level 6. HP: 32/32 MP: 7/7
  2966 | D:4      | Noticed a phantom
  2989 | D:4      | Killed a phantom
  3196 | D:5      | Entered Level 5 of the Dungeon
  3239 | D:5      | Noticed Duvessa
  3240 | D:5      | Noticed Dowan
  3253 | D:5      | Killed Duvessa
  3253 | D:5      | Reached skill level 8 in Unarmed Combat
  3253 | D:5      | Reached XP level 7. HP: 25/35 MP: 8/8
  3260 | D:5      | Killed Dowan
  3463 | D:5      | Found a basalt altar of Yredelemnul.
  3579 | D:5      | Noticed Edmund
  3601 | D:5      | Killed Edmund
  3601 | D:5      | Reached skill level 9 in Unarmed Combat
  3673 | D:5      | Found a radiant altar of Vehumet.
  3821 | D:5      | Gained mutation: You have razor-sharp teeth. [Vine Stalker growth]
  3821 | D:5      | Reached XP level 8. HP: 35/39 MP: 9/9
  4059 | D:6      | Reached skill level 10 in Unarmed Combat
  4152 | D:6      | Found an oddly glowing altar of Pakellas.
  4163 | D:6      | Found a deep blue altar of Sif Muna.
  4200 | D:6      | Noticed a hill giant
  4238 | D:6      | HP: 1/39 [hill giant/giant club (22)]
  4240 | D:6      | Annihilated by a hill giant

Skill      XL: |  1  2  3  4  5  6  7  8 |
---------------+-------------------------+-----
Unarmed Combat | 5 6 7 8 9 10 | 10.0
Fighting       | |  2.8
Armour         | |  0.2
Dodging        | |  2.4
Stealth        | |  2.4

Action                   |  1- 3 |  4- 6 |  7- 9 || total
-------------------------+-------+-------+-------++-------
Melee: Unarmed           |   134 |   167 |    86 ||   387
       Bite              |    28 |    52 |    29 ||   109
       Punch             |     5 |     5 |     4 ||    14
Throw: Throwing net      |       |       |     1 ||     1
Invok: Reject Sacrifices |       |     1 |       ||     1
  Use: Potion            |       |       |     2 ||     2
 Stab: Distracted        |     1 |       |       ||     1
       Sleeping          |     8 |     1 |       ||     9
       Invisible         |       |       |     1 ||     1
  Eat: Chunk             |       |     6 |     2 ||     8
       Royal jelly       |       |       |     1 ||     1
Armor: Robe              |    32 |     3 |       ||    35
       Ring mail         |       |    19 |       ||    19
       Scale mail        |       |    24 |    26 ||    50
Dodge: Dodged            |   110 |    77 |    26 ||   213
